 Dungeon Crawl Stone Soup version 0.21.0-3-g78d12a8 (webtiles) character file.

113 tidbits the Sneak (level 4, 4/18 HPs)
             Began as a Felid Summoner on Jan 8, 2018.
             Quit the game on level 2 of the Dungeon.
             The game lasted 00:07:33 (1108 turns).

tidbits the Sneak (Felid Summoner)                  Turns: 1108, Time: 00:07:34

Health: 4/18       AC:  1    Str:  5    XL:     4   Next: 65%
Magic:  0/8        EV: 23    Int: 16    God:
Gold:   59         SH:  0    Dex: 21    Spells: 4/7 levels left
                                        Lives:  1   Deaths: 0

rFire    . . .     SeeInvis +     - Unarmed
rCold    . . .     Gourm    .   (shield unavailable)
rNeg     . . .     Faith    .   (armour unavailable)
rPois    .         Spirit   .   (helmet unavailable)
rElec    .         Reflect  .   (cloak unavailable)
rCorr    .         Harm     .   (gloves unavailable)
MR       .....                  (boots unavailable)
Stlth    +++++.....             (no amulet)
HPRegen  0.06/turn              (no ring)
MPRegen  0.11/turn              (no ring)

@: agile, quick
A: very small, no armour, no weapons or thrown items, stealth, claws 1, fangs 3,
see invisible, carnivore, speed 1, shaggy fur 1, slow metabolism 1, sharp paws
a: no special abilities


You were on level 2 of the Dungeon.
You were full.

You visited 1 branch of the dungeon, and saw 3 of its levels.

You collected 59 gold pieces.

Inventory:

Missiles
 d - 66 arrows
Scrolls
 e - a scroll of amnesia
 i - 3 scrolls of identify
Books
 a - a book of Callings

   Spells                             Type                      Level
   a - Summon Small Mammal            Summoning                    1
   b - Call Imp                       Summoning                    2
   c - Call Canine Familiar           Summoning                    3
   d - Summon Guardian Golem          Hexes/Summoning              3
   e - Summon Lightning Spire         Summoning/Air                4
   f - Summon Ice Beast               Ice/Summoning                4
Comestibles
 c - 2 rations


   Skills:
 - Level 2.6 Dodging
 + Level 4.5 Stealth
 + Level 3.5 Unarmed Combat
 - Level 2.0 Spellcasting
 - Level 4.0 Summonings


You had 4 spell levels left.
You knew the following spells:

 Your Spells              Type           Power        Failure   Level  Hunger
a - Summon Small Mammal   Summ           ##..         4%          1    #......
i - Call Imp              Summ           ##......     6%          2    ###....


Dungeon Overview and Level Annotations

Branches:
Dungeon (3/15)

Altars:
Trog

Annotations:
D:3 exclusion: orc, Ijyb


Innate Abilities, Weirdness & Mutations

You cannot wear armour.
You are incapable of wielding weapons or throwing items.
Your paws allow you to move quietly. (Stealth)
You have sharp claws.
You have razor-sharp teeth.
You have supernaturally acute eyesight. (SInv)
You are carnivorous and can eat meat at any time.
You cover ground quickly.
You are covered in fur. (AC +1)
You have a slow metabolism.
Your sharp claws are effective at attacking unaware monsters.


Message History

Casting: Summon Small Mammal
Confirm with . or Enter, or press ? or * to list all spells.
Your bat hits the adder. Your bat hits the orc.
Your bat completely misses the adder.
Your bat closely misses the orc.
The adder closely misses your bat.
Your crimson imp misses the worker ant.
Your bat barely misses the adder.
The orc hits your bat with a mace!
Your bat dies!
Your bat's corpse disappears in a puff of smoke!
Your bat closely misses the adder.
Your bat hits the adder. The adder bites your bat.
Your bat dies!
Your bat's corpse disappears in a puff of smoke!
Your crimson imp hits the worker ant but does no damage.
You swap places.
You feel sick.
Your crimson imp barely misses the worker ant.
The adder bites your rat.
Your rat dies!
Your rat's corpse disappears in a puff of smoke!
Casting: Summon Small Mammal
Confirm with . or Enter, or press ? or * to list all spells.
The adder completely misses you.
You swap places.
The adder bites your rat.
Your rat dies!
Your rat's corpse disappears in a puff of smoke!
Casting: Summon Small Mammal
Confirm with . or Enter, or press ? or * to list all spells.
A beastly little devil appears in a puff of flame.
You feel sick.
You are no longer poisoned.
The adder completely misses you.
You swap places.
Your crimson imp hits the adder.
Your crimson imp hits the orc.
The adder barely misses your crimson imp.
Your crimson imp hits the adder.
The adder misses your crimson imp.
Your crimson imp blinks!
Casting: Call Imp
Confirm with . or Enter, or press ? or * to list all spells.
A beastly little devil appears in a puff of flame.
The adder bites your crimson imp.
Your crimson imp completely misses the adder.
Something bites your crimson imp.
Your crimson imp blinks!
What are your orders? t - Meow!
Orders for allies: a - Attack new target. r - Retreat! s - Stop attacking. g - Guard the area. f - Follow me.
Anything else - Cancel.
Gang up on whom?
Press: ? - help, Dir - move target cursor, f - adder
Aim: an adder (severely wounded) Attack!
Your crimson imp blinks!
Wield which item (- for none, * to show all)? (? for menu, Esc to quit)
Your mouth is now empty.
You aren't carrying any potions.
Unknown command.
You aren't carrying any potions.
Unknown command.
You aren't carrying any items that you can evoke.
Unknown command.
Casting: Call Imp
Confirm with . or Enter, or press ? or * to list all spells.
Your crimson imp closely misses the adder.
Your crimson imp misses the adder.
The adder closely misses you.
Your crimson imp hits the worker ant but does no damage.
The worker ant barely misses your crimson imp.
Your crimson imp hits the adder.
The adder closely misses your crimson imp.
Unknown command.
You completely miss the adder.
The adder is severely wounded.
Your crimson imp blinks!
Your crimson imp hits the worker ant.
The orc closely misses your crimson imp.
The worker ant misses your crimson imp.
Your crimson imp hits the adder.
The adder dies!
Your crimson imp blinks!
Your crimson imp hits the worker ant.
The worker ant waves its antennae.
The worker ant bites your rat.
Your rat dies!
Your rat's corpse disappears in a puff of smoke!
The worker ant closely misses your crimson imp.
Your crimson imp hits the worker ant.
Your crimson imp blinks! x2
The worker ant waves its antennae.
Casting: Summon Small Mammal
Confirm with . or Enter, or press ? or * to list all spells.
The worker ant bites you but does no damage.
You swap places.
Your quokka bites the worker ant.
A bat comes into view.
The worker ant bites your quokka.
Your quokka dies!
Your quokka's corpse disappears in a puff of smoke!
An adder comes into view.
You aren't carrying any potions.
Unknown command.
Are you sure you want to abandon this character and quit the game? (Confirm with "yes".)

# #.##.# #..# #.#
...#######..
###.##.###..#####.#
#..........
.##.#§............#
#.#########
............####..#
# .####§.###.#.#
#..# .#
#..##.###.##..# #
.####.5#.## #.#..#
# .)..#..o## ##...#
# ##......a##
##.#@## #
##.#.###.###§##.#
### ###.#.#
##.#a###.# ..
##.#..# ##o## #b# .
>#.##.# ### #.# #
######.. . ..#
..##### ### ##...
S.. #...... #.#
###.### ### ######
#.#.......
#########


You could see an adder (sleeping) and a bat.

Vanquished Creatures
  A centaur (D:3)
  Natasha (D:2)
  A worm (D:2)
  2 dart slugs (D:1)
  2 leopard geckos
  2 goblins (D:1)
  A hobgoblin (D:1)
  A frilled lizard (D:1)
  5 rats
16 creatures vanquished.

Vanquished Creatures (collateral kills)
  An adder (D:2)
  2 dart slugs
  A goblin (D:2)
  3 hobgoblins
  2 bats
  2 kobolds (D:1)
  2 rats (D:1)
13 creatures vanquished.

Grand Total: 29 creatures vanquished

Notes
Turn   | Place    | Note
-------+----------+-------------------------------------------
     0 | D:1      | tidbits the Felid Summoner began the quest for the Orb.
     0 | D:1      | Reached XP level 1. HP: 7/7 MP: 4/4
   148 | D:1      | Reached skill level 1 in Unarmed Combat
   173 | D:1      | Reached XP level 2. HP: 6/11 MP: 4/6
   190 | D:1      | Learned a level 2 spell: Call Imp
   291 | D:1      | Reached skill level 2 in Unarmed Combat
   721 | D:2      | Reached skill level 3 in Stealth
   721 | D:2      | Reached XP level 3. HP: 11/14 MP: 7/7
   733 | D:2      | Noticed Natasha
   757 | D:2      | Killed Natasha
   826 | D:2      | Found a bloodstained altar of Trog.
   924 | D:3      | Noticed a centaur
   936 | D:3      | Killed a centaur
   936 | D:3      | Reached skill level 4 in Stealth
   936 | D:3      | Reached skill level 3 in Unarmed Combat
   936 | D:3      | Reached XP level 4. HP: 5/18 MP: 4/8
  1046 | D:3      | Noticed Ijyb
  1108 | D:2      | Quit the game

Skill      XL: |  1  2  3 |
---------------+----------+-----
Unarmed Combat | 1 2 3 |  3.5
Stealth        | 3 4 |  4.5
Dodging        | |  2.6
Spellcasting   | |  2.0
Summonings     | |  4.0

Action                   |  1- 3 |  4- 6 || total
-------------------------+-------+-------++-------
Melee: Unarmed           |    58 |     2 ||    60
       Bite              |     1 |       ||     1
       Punch             |     1 |       ||     1
 Cast: Summon Small Mamm |    20 |     6 ||    26
       Call Imp          |     5 |     3 ||     8
  Use: Potion            |     2 |     1 ||     3
       Scroll            |     2 |       ||     2
 Stab: Sleeping          |     8 |       ||     8
       Distracted        |     1 |       ||     1
  Eat: Chunk             |     7 |       ||     7
Armor: Skin              |     2 |     2 ||     4
Dodge: Dodged            |    45 |     9 ||    54

Table legend:
 A = Turns spent in this place as a percentage of turns spent in the entire game.
 B = Non-inter-level travel turns spent in this place as a percentage of non-inter-level travel turns spent in the entire game.
 C = Inter-level travel turns spent in this place as a percentage of turns spent in this place.
 D = Turns resting spent in this place as a percentage of non-inter-level travel turns spent in this place.
 E = Turns spent auto-exploring this place as a percentage of non-inter-level travel turns spent in this place.
 F = Non-inter-level travel turns spent in this place divided by the number of levels of this place that you've seen.
                   A       B       C       D       E      F
               +-------+-------+-------+-------+-------+----------------------
         Total | 100.0 | 100.0 |   8.6 |   0.0 |   0.0 | 337.7
       Dungeon | 100.0 | 100.0 |   8.6 |   0.0 |   0.0 | 337.7
               +-------+-------+-------+-------+-------+----------------------

Table legend:
 A = Kills in this place as a percentage of kills in entire the game.
 B = Kills by you in this place as a percentage of kills by you in the entire game.
 C = Kills by friends in this place as a percentage of kills by friends in the entire game.
 D = Other kills in this place as a percentage of other kills in the entire game.
 E = Experience gained in this place as a percentage of experience gained in the entire game.
 F = Experience gained in this place divided by the number of levels of this place that you have seen.
                   A       B       C       D       E      F
               +-------+-------+-------+-------+-------+----------------------
         Total | 100.0 | 100.0 | 100.0 |   N/A | 100.0 |  54.0
       Dungeon | 100.0 | 100.0 | 100.0 |   N/A | 100.0 |  54.0
               +-------+-------+-------+-------+-------+----------------------

Vault maps used:
D:1:      dpeg_arrival_circle_labyrinth_a
D:2:      nicolae_overflow_hidden_temple, yredelemnul_altar_generic,
          overflow_temple_1_default, chequers_ecumenical_altar_simple_redux,
          uniq_natasha
D:3:      nemelex_xobeh_ov_fountains_minmay, nicolae_ru_the_path_less_chosen,
          uniq_ijyb, uniq_sigmund
